 Dungeon Crawl Stone Soup version 0.28.0-43-g3370ac3207 (webtiles) character file.

Game seed: 6340301673452928130

15 Carb0nNova the Skirmisher (level 2, 0/26 HPs)
             Began as a Draconian Berserker on Mar 3, 2022.
             Was a Follower of Trog.
             Succumbed to a gnoll's poison
             ... on level 1 of the Dungeon.
             The game lasted 00:03:58 (669 turns).

Carb0nNova the Skirmisher (Draconian Berserker)      Turns: 669, Time: 00:03:59

Health: 0/26       AC:  4    Str: 19    XL:     2   Next: 34%
Magic:  1/2        EV: 10    Int:  7    God:    Trog [*.....]
Gold:   18         SH:  6    Dex: 10    Spells: 1/1 levels left

rFire   . . .      SeeInvis .   a - +0 mace
rCold   . . .      Faith    .   b - +0 kite shield
rNeg    . . .      Spirit   +   (armour unavailable)
rPois   .          Reflect  .   (helmet restricted)
rElec   .          Harm     .   (no cloak)
rCorr   .          Rampage  .   (no gloves)
Will    .....                   (no boots)
Stlth   +.........              d - amulet of guardian spirit
HPRegen 0.08/turn               (no ring)
MPRegen 0.08/turn               (no ring)

@: lethally poisoned (0 -> -17)
A: AC +4, unfitting armour, cold-blooded, antennae 1
a: Renounce Religion, Berserk


You were on level 1 of the Dungeon.
You worshipped Trog.
Trog was aware of your devotion.
You visited 1 branch of the dungeon, and saw 1 of its levels.

You collected 18 gold pieces.

Inventory:

Hand Weapons
 a - a +0 mace (weapon)
Armour
 b - a +0 kite shield (worn)
Jewellery
 d - an amulet of guardian spirit (around neck)
Potions
 c - a potion of attraction


   Skills:
 + Level 3.5 Fighting
 + Level 3.3 Maces & Flails
 + Level 3.0 Dodging
 + Level 0.1 Shields


You had one spell level left.
You didn't know any spells.
Your spell library contained the following spells:

 Spells                   Type           Power      Damage    Failure   Level
 Blink                    Tloc           0%         N/A       94%         2
 Lesser Beckoning         Tloc           0%         N/A       99%         3
 Manifold Assault         Tloc           0%         N/A       100%        5


Dungeon Overview and Level Annotations

Branches:
Dungeon (1/15)

Altars:


Innate Abilities, Weirdness & Mutations

Your plain brown scales are hard. (AC +4)
You cannot fit into any form of body armour.
You are cold-blooded and may be slowed by cold attacks.
You have a pair of small antennae on your head.


Message History

The ball python constricts you. The ball python barely misses you.
The ball python constricts you.
A gnoll comes into view. It is wielding a +0 spear of venom.
The gnoll shouts!
You hit the ball python.
Your tail-slap misses the ball python.
The ball python is heavily wounded.
You block the ball python's attack. The ball python constricts you.
The ball python barely misses you. The ball python constricts you.
You sock the ball python!
You kill the ball python!
Trog accepts your kill. The gnoll hits you but does no damage.
A ball python comes into view.
Your Dodging skill increases to level 3!
The gnoll closely misses you.
Items here: $ ) ††.
You sock the gnoll!
The gnoll is heavily wounded.
The gnoll closely misses you. x2
You barely miss the gnoll.
The gnoll is heavily wounded.
The ball python bites you. You block the ball python's attack.
The gnoll closely misses you.
The ball python bites you but does no damage.
The ball python barely misses you.
You barely miss the gnoll. You tail-slap the gnoll.
The gnoll is severely wounded.
You block the ball python's attack. The ball python grabs you.
The ball python constricts you.
The gnoll hits you with a +0 spear of venom!
* * * LOW HITPOINT WARNING * * *
You are lethally poisoned!
The ball python bites you but does no damage.
The ball python constricts you. The gnoll hits you but does no damage.
You are more poisoned.
You escape the ball python's grasp.
* * * LOW HITPOINT WARNING * * *
You feel very sick. You block the gnoll's attack.
You die...

#########........# ##...#.#
.......##........####...#.#
.................)....>.#.#
#................##...#.#.#
.......######'#.....+.#.#
......######'##....#.#..
###.##..........(..#.###
... #........##...#.# ###
#.......@.#...#
#########)#...# #gS.....#
..####### #... #..# ##.#
... #.#


You could see a gnoll and a ball python.

Vanquished Creatures
  A goblin (D:1)
  2 hobgoblins (D:1)
  2 quokkas (D:1)
  3 ball pythons (D:1)
  A bat (D:1)
  A frilled lizard (D:1)
  3 kobolds (D:1)
  2 rats (D:1)
15 creatures vanquished.

Notes
Turn   | Place    | Note
-------+----------+-------------------------------------------
     0 | D:1      | Carb0nNova the Draconian Berserker began the quest for the
                  | Orb.
     0 | D:1      | Reached XP level 1. HP: 19/19 MP: 1/1
   268 | D:1      | Found a faded altar of an unknown god.
   307 | D:1      | Gained mutation: Your body sometimes deteriorates upon
                  | taking damage. [potion of mutation]
   307 | D:1      | Lost mutation: Your body sometimes deteriorates upon taking
                  | damage. [potion of mutation]
   307 | D:1      | Gained mutation: You have a pair of small antennae on your
                  | head. [potion of mutation]
   435 | D:1      | Reached XP level 2. HP: 18/26 MP: 2/2
   669 | D:1      | Succumbed to a gnoll's poison

Illustrated notes

Levels and vault maps discovered:
D:1:      saegor_arrival_simple_a, layout_basic,
          hellmonk_ecumenical_altar_zigzags

Skill      XL: |  1  2 |
---------------+-------+-----
Dodging        | 3 |  3.0
Fighting       | |  3.5
Maces & Flails | |  3.3
Shields        | |  0.1

Action                   || total
-------------------------++-------
Melee: Mace              ||    42
       Tailslap          ||     3
  Use: Potion            ||     2
Armor: Skin              ||    16
Dodge: Dodged            ||    23
Block: Kite shield       ||    13
